 Dungeon Crawl Stone Soup version 0.31-a0-232-gb1c03b2570 (webtiles) character file.

Game seed: 13921328883979269993

202 qw the Shooter (level 5, -15/32 HPs)
             Began as a Gargoyle Hexslinger on July 7, 2023.
             Demolished by an ogre
             ... wielding a +0 giant club
              (24 damage)
             ... on level 4 of the Dungeon.
             The game lasted 00:01:01 (2066 turns).

qw the Shooter (Gargoyle Hexslinger)                Turns: 2066, Time: 00:01:02

Health: -15/32     AC: 11    Str: 12    XL:     5   Next: 80%
Magic:  0/6        EV: 10    Int: 13    God:
Gold:   110        SH:  0    Dex: 14    Spells: 5/6 levels left

rFire   . . .        Y - +2 sling
rCold   . . .        (no shield)
rNeg    + . .        j - +0 ring mail
rPois   inf          d - +0 helmet
rElec   +            (no cloak)
rCorr   +            (no gloves)
SInv    .            l - +0 pair of boots
Will    .....        a - amulet of guardian spirit
Stlth   +            k - ring of resist corrosion
HPRegen 0.25/turn    (no ring)
MPRegen 0.10/turn

%: guardian spirit
@: no status effects
A: sickness immunity, AC +4, negative energy resistance 1, electricity
resistance, torment resistance 1, petrification resistance
a: no special abilities


You were on level 4 of the Dungeon.
You visited 1 branch of the dungeon, and saw 4 of its levels.

You collected 110 gold pieces.


Innate Abilities, Weirdness & Mutations

You are immune to sickness and miasma.
Your stone body is resilient. (AC +4)
You are immune to poison.
You resist negative energy. (rN+)
You are resistant to electric shocks. (rElec)
You are resistant to unholy torment.
You are immune to petrification.


   Skills:
 - Level 3.0 Fighting
 + Level 5.0 Ranged Weapons
 - Level 1.0 Armour
 - Level 1.5 Dodging
 - Level 1.0 Spellcasting
 - Level 2.6 Hexes


You had 5 spell levels left.
You knew the following spells:

 Your Spells              Type           Power      Damage    Failure   Level
a - Slow                  Hex            28%        N/A       22%         1

Your spell library contained the following spells:

 Spells                   Type           Power      Damage    Failure   Level
 Inner Flame              Hex/Fire       4%         N/A       73%         3
 Portal Projectile        Hex/Tloc       8%         N/A       73%         3
 Cause Fear               Hex            3%         N/A       91%         4

Inventory:

Hand Weapons
 Y - a +2 sling (weapon)
Armour
 d - a +0 helmet (worn)
 j - a +0 ring mail (worn)
 l - a +0 pair of boots (worn)
Jewellery
 a - an amulet of guardian spirit (around neck)
 b - an amulet of the acrobat
 k - a ring of resist corrosion (left hand)
Potions
 e - a potion of heal wounds
 f - a potion of resistance {unknown}
 g - a potion of haste
 h - a potion of berserk rage {unknown}
 i - a potion of lignification {unknown}
 m - a potion of mutation {unknown}
 n - a potion of enlightenment {unknown}

Dungeon Overview and Level Annotations

Branches:
Dungeon (4/15)
 Temple: D:4-7

Altars:


Message History

Found a stone staircase leading down.
You shoot a sling bullet. The sling bullet hits the hobgoblin.
You kill the hobgoblin!
You now have 110 gold pieces (gained 14).
An endoplasm comes into view.
The endoplasm quivers.
You shoot a sling bullet. The sling bullet hits the endoplasm.
You kill the endoplasm!
Found a stone staircase leading up.
Enter note:
Enter note:
There is a stone staircase leading up here.
An ogre comes into view. It is wielding a +0 giant club.
The ogre moves out of view.
Enter note:
Enter note: An ogre is nearby!
Enter note:
Enter note: You shoot a sling bullet.
The sling bullet hits the ogre.
The ogre is lightly wounded.
You shoot a sling bullet.
The sling bullet barely misses the ogre.
You shoot a sling bullet. The sling bullet hits the ogre.
The ogre is lightly wounded.
The ogre hits you with a +0 giant club!
You shoot a sling bullet. The sling bullet hits the ogre!
The ogre is moderately wounded.
You shoot a sling bullet. The sling bullet hits the ogre.
The ogre is heavily wounded.
The ogre completely misses you.
You shoot a sling bullet. The sling bullet hits the ogre.
The ogre is severely wounded.
The ogre hits you with a +0 giant club!!
Ouch! That really hurt!
You shoot a sling bullet. The sling bullet hits the ogre!
The ogre is almost dead.
The ogre hits you with a +0 giant club!!
Ouch! That really hurt!
You die...

#.......(....#
#......#.###.#
#......#.#
###.##.#.#
#......#######
####.#.......#
#.......#<#
###.###.#.#
#.# #.#@# #.#
#.#O.# #.#
#.##.# #.# #.#
.# #.# ... .#
#.# #.# .# #..
#.# .# ..


You could see an ogre.

Vanquished Creatures
  Natasha (thrice) (D:3)
  2 adders (D:2)
  4 gnolls
  A worm (D:2)
  A dart slug (D:2)
  6 endoplasms
  3 giant cockroaches
  3 goblins (D:3)
  8 hobgoblins
  8 jackals (D:3)
  7 kobolds
  3 quokkas (D:1)
  5 ball pythons
  4 bats
  3 frilled lizards
61 creatures vanquished.

Vanquished Creatures (others)
  A frilled lizard (D:1)
1 creature vanquished.

Grand Total: 62 creatures vanquished

Notes
Turn   | Place    | Note
-------+----------+-------------------------------------------
     0 | D:1      | qw the Gargoyle Hexslinger began the quest for the Orb.
     0 | D:1      | Reached XP level 1. HP: 12/12 MP: 2/2
     0 | D:1      | 0 ||| qw: Version: 0.3-a-46-gb1f654a
     0 | D:1      | 0 ||| qw: Game counter: 2300
     0 | D:1      | 0 ||| qw: Melee chars always use a shield: true
     0 | D:1      | 0 ||| qw: God list: Okawaru
     0 | D:1      | 0 ||| qw: Allow faded altars: false
     0 | D:1      | 0 ||| qw: Do Orc after clearing Dungeon:15 true
     0 | D:1      | 0 ||| qw: Do second Lair branch before Depths: true
     0 | D:1      | 0 ||| qw: Lair rune preference: random
     0 | D:1      | 0 ||| qw: Goals: Normal
     0 | D:1      | 0 ||| PLANNING D:1-11
    76 | D:1      | Reached skill level 3 in Ranged Weapons
    76 | D:1      | Reached XP level 2. HP: 7/16 MP: 3/3
   279 | D:1      | Reached XP level 3. HP: 20/21 MP: 4/4
   493 | D:1      | 493 ||| READING scroll labelled QINKE MOUTICH.
   497 | D:1      | 497 ||| READING scroll labelled PEKLULI AMMAKH.
   498 | D:1      | 498 ||| DROPPING scroll of poison.
   870 | D:2      | Reached XP level 4. HP: 24/26 MP: 5/5
   983 | D:2      | Reached skill level 4 in Ranged Weapons
  1006 | D:2      | 1006 ||| UPGRADING to +0 helmet.
  1011 | D:2      | 1011 ||| UPGRADING to +0 ring mail.
  1021 | D:2      | 1021 ||| DROPPING +0 robe.
  1022 | D:2      | 1022 ||| UPGRADING to amulet of guardian spirit.
  1027 | D:2      | 1027 ||| DROPPING ring of magical power.
  1028 | D:2      | 1028 ||| READING 3 scrolls labelled LUH ZETINGA.
  1029 | D:2      | 1029 ||| READING scroll labelled RAGECOO MENGULL.
  1030 | D:2      | 1030 ||| DROPPING 2 scrolls of noise.
  1139 | D:3      | Reached skill level 1 in Armour
  1389 | D:3      | Noticed Natasha
  1399 | D:3      | Killed Natasha
  1482 | D:3      | Noticed Natasha
  1500 | D:3      | Killed Natasha
  1501 | D:3      | Reached XP level 5. HP: 17/30 MP: 0/6
  1643 | D:3      | Reached skill level 5 in Ranged Weapons
  1643 | D:3      | HP: 5/30 [gnoll/+0 heavy halberd (7)]
  1704 | D:3      | Noticed Natasha
  1711 | D:3      | Killed Natasha
  1712 | D:3      | Reached skill level 3 in Fighting
  1933 | D:3      | 1933 ||| UPGRADING to +0 pair of boots.
  1938 | D:3      | 1938 ||| UPGRADING to ring of resist corrosion.
  1939 | D:3      | 1939 ||| READING scroll labelled YHENUCZ ROSSI.
  1940 | D:3      | 1940 ||| DRINKING 2 inky potions.
  2058 | D:4      | Noticed an ogre
  2066 | D:4      | Demolished by an ogre

Levels and vault maps discovered:
D:1:      minmay_arrival_doors, layout_rooms, lemuel_flame_loot_1
D:2:      layout_basic
D:3:      layout_loops_ring, minmay_misc_feat_doors, chequers_jeans,
          uniq_natasha
D:4:      layout_loops_ring, lemuel_round_altar,
          minmay_temple_entry_drinking_statues, minmay_manual_monstrance

Skill      XL: |  1  2  3  4  5 |
---------------+----------------+-----
Ranged Weapons | 3 4 5 |  5.0
Fighting       | 2 3 |  3.0
Armour         | 1 |  1.0
Dodging        | |  1.5
Spellcasting   | |  1.0
Hexes          | |  2.6

Action                     |  1- 3 |  4- 6 || total
---------------------------+-------+-------++-------
   Fire: Sling             |   115 |   141 ||   256
    Use: Scroll            |     2 |     3 ||     5
         Potion            |       |     1 ||     1
 Armour: Robe              |    18 |     4 ||    22
         Ring mail         |       |    69 ||    69
  Dodge: Dodged            |    37 |    75 ||   112

Table legend:
 A = Non-vault XP
 B = Vault XP
 C = Vault XP percentage of total XP
 D = Non-vault monster count
 E = Vault monster count
 F = Vault count percentage of total count
                 A         B        C        D         E       F
            +---------+---------+-------+---------+---------+-------
      Total |     253 |      36 |  12.5 |      60 |       1 |   1.6
            +---------+---------+-------+---------+---------+-------
        D:1 |      46 |       0 |   0.0 |      19 |       0 |   0.0
        D:2 |      48 |       0 |   0.0 |      11 |       0 |   0.0
        D:3 |     153 |      36 |  19.0 |      27 |       1 |   3.6
        D:4 |       6 |       0 |   0.0 |       3 |       0 |   0.0
            +---------+---------+-------+---------+---------+-------
